 Dungeon Crawl Stone Soup version 0.27-a0-1217-g8a41f320e8 (webtiles) character file.

Game seed: 14809612921534255983

858798 Zonian the Metallomancer (level 27, -22/219 HPs)
             Began as a Human Conjurer on May 31, 2021.
             Was the Champion of Cheibriados.
             Annihilated by Mnoleg (24 damage)
             ... in Pandemonium on June 5, 2021.
             The game lasted 12:44:25 (197549 turns).

Zonian the Metallomancer (Human Conjurer)         Turns: 197549, Time: 12:44:26

Health: -22/219    AC: 17    Str: 32      XL:     27
Magic:  4/48       EV: 38    Int: 46 (50) God:    Cheibriados [******]
Gold:   5931       SH:  5    Dex: 35      Spells: 2/68 levels left

rFire    . . .     SeeInvis .   V - staff of conjuration
rCold    + + .     Faith    .   (no shield)
rNeg     + + .     Spirit   .   h - +2 robe {Archmagi}
rPois    +         Reflect  +   K - +2 helmet {Int+3}
rElec    +         Harm     .   f - +2 cloak {rCorr}
rCorr    +         Rampage  .   R - +0 pair of gloves of the Salmon {rC+ Regen+ Str+2}
Will     ++++.                  w - +3 pair of boots "Azeg" {rElec Str+4}
Stlth    +++++++...             M - amulet "Iduokkus" {Reflect Dex+7 SH+5}
HPRegen  1.46/turn              e - ring "Elapt" {rPois rN+ Will+ Str-2 Int+7}
MPRegen  0.31/turn              L - ring "Gocleciny" {rC+ rN+ Will+ EV+4 Str-2}

@: studying 3 skills, very slow
A: mutation resistance 1, strong 1, subdued magic 1
}: 5/15 runes: barnacled, slimy, silver, icy, gossamer
a: Renounce Religion, Bend Time, Temporal Distortion, Slouch, Step From Time


You were in Pandemonium.
You worshipped Cheibriados.
Cheibriados was exalted by your worship.
You visited 13 branches of the dungeon, and saw 64 of its levels.
You visited Pandemonium 1 time, and saw 4 of its levels.
You visited the Abyss 3 times.
You also visited: Trove.

You collected 11058 gold pieces.
You spent 5127 gold pieces at shops.

Inventory:

Hand Weapons
 r - the +4 hunting sling of Execution {venom, rN+ rCorr Dex+4}
   (You found it on level 3 of the Elven Halls)

   It poisons the ammo it fires.
   It affects your dexterity (+4).
   It protects you from negative energy.
   It protects you from acid and corrosion.
 G - the +9 great mace "Muivonug" {spect, Int+2}
   (You bought it in a shop on level 15 of the Dungeon)

   When it strikes, its spirit leaps out and fights alongside the wielder.
   It affects your intelligence (+2).
Missiles
 q - 24 curare-tipped darts
 N - 397 sling bullets
 O - 14 boomerangs of dispersal
 P - 37 silver javelins (quivered)
Armour
 f - a +2 cloak of preservation (worn)
 h - a +2 robe of the Archmagi (worn)
 w - the +3 pair of boots "Azeg" (worn) {rElec Str+4}
   (You acquired it on level 6 of the Lair of Beasts)

   It affects your strength (+4).
   It insulates you from electricity.
 K - a +2 helmet of intelligence (worn)
 R - the +0 pair of gloves of the Salmon (worn) {rC+ Regen+ Str+2}
   (You found it on level 3 of the Elven Halls)

   It affects your strength (+2).
   It protects you from cold.
   It increases your rate of health regeneration.
Magical Staves
 v - a staff of earth
 B - a staff of air
 F - a staff of fire
 V - a staff of conjuration (weapon)
Jewellery
 b - the ring "Waidweaf" {EV+4 Stlth+}
   (You found it in a treasure trove)

   [ring of evasion]

   It affects your evasion (+4).
   It makes you more stealthy.
 e - the ring "Elapt" (left hand) {rPois rN+ Will+ Str-2 Int+7}
   (You acquired it on level 11 of the Dungeon)

   [ring of poison resistance]

   It affects your strength (-2).
   It affects your intelligence (+7).
   It protects you from poison.
   It protects you from negative energy.
   It increases your willpower.
 m - a ring of see invisible
 u - a ring of protection from fire
 A - the ring of Xom's Entertainment {rC+ rN+ Int+6 Slay+3}
   (You found it in Pandemonium)

   [ring of protection from cold]

   It affects your intelligence (+6).
   It affects your accuracy and damage with ranged weapons and melee attacks
   (+3).
   It protects you from cold.
   It protects you from negative energy.
 L - the ring "Gocleciny" (right hand) {rC+ rN+ Will+ EV+4 Str-2}
   (You bought it in a shop on level 2 of the Orcish Mines)

   [ring of evasion]

   It affects your evasion (+4).
   It affects your strength (-2).
   It protects you from cold.
   It protects you from negative energy.
   It increases your willpower.
 M - the amulet "Iduokkus" (around neck) {Reflect Dex+7 SH+5}
   (You took it off a hell knight on level 5 of the Vaults)

   [amulet of reflection]

   It reflects blocked missile attacks.
   It affects your dexterity (+7).
   It affects your SH (+5).
Wands
 a - a wand of flame (29)
 l - a wand of digging (25)
 E - a wand of mindburst (15)
 J - a wand of charming (6)
 W - a wand of iceblast (7)
 X - a wand of acid (13)
Scrolls
 i - 3 scrolls of holy word
 k - 7 scrolls of fog
 n - 5 scrolls of fear
 p - 2 scrolls of summoning
 y - 6 scrolls of blinking
 z - 4 scrolls of magic mapping
 H - 4 scrolls of silence
 Y - 10 scrolls of teleportation
Potions
 c - 2 potions of magic
 d - 2 potions of invisibility
 j - 9 potions of flight
 o - 7 potions of resistance
 s - 2 potions of cancellation
 t - 2 potions of heal wounds
 x - 3 potions of ambrosia
 C - 6 potions of might
 D - 8 potions of brilliance
 T - 2 potions of curing
Miscellaneous
 g - a lightning rod (4/4)
 I - a box of beasts
 Q - a condenser vane
 S - the horn of Geryon
 U - a tin of tremorstones (inert)
 Z - a phantom mirror


   Skills:
 + Level 18.6 Fighting
 - Level 3.7 Short Blades
 - Level 22.3(22.4) Maces & Flails
 - Level 5.0(15.9) Staves
 - Level 5.4(7.3) Slings
 + Level 7.6(8.4) Throwing
 - Level 7.8 Armour
 - Level 16.5 Dodging
 - Level 14.7 Stealth
 - Level 21.0 Spellcasting
 - Level 14.7 Conjurations
 - Level 3.5 Summonings
 - Level 7.1 Translocations
 - Level 17.1 Fire Magic
 - Level 3.9 Ice Magic
 + Level 11.1 Air Magic
 - Level 22.5 Earth Magic
 - Level 6.8 Poison Magic
 + Level 16.3 Invocations
 - Level 13.4 Evocations


You had 2 spell levels left.
You knew the following spells:

 Your Spells              Type           Power      Damage    Failure   Level
a - Airstrike             Air            54%        N/A       1%          4
b - Ignition              Fire           63%        3d17      1%          8
c - Blink                 Tloc           N/A        N/A       0%          2
d - Mephitic Cloud        Conj/Pois/Air  100%       N/A       0%          3
e - Iskenderun's Mystic   Conj/Tloc      100%       2d19      1%          4
f - Dazzling Flash        Conj/Hex       100%       N/A       1%          3
g - Iron Shot             Conj/Erth      77%        9d14      0%          6
h - Bolt of Magma         Conj/Fire/Erth 76%        4d29      0%          5
i - Shatter               Erth           69%        3d51*     2%          9
j - Ignite Poison         Fire/Tmut/Pois 96%        N/A       1%          3
k - Fireball              Conj/Fire      73%        3d27      0%          5
l - Conjure Ball Lightni  Conj/Air       69%        3x3d26    1%          6
m - Ozocubu's Armour      Ice            78%        N/A       1%          3
n - Iskenderun's Battles  Conj           100%       2d15      0%          5

Your spell library contained the following spells:

 Spells                   Type           Power      Damage    Failure   Level
 Apportation              Tloc           100%       N/A       0%          1
 Foxfire                  Conj/Fire      100%       2x1d9     0%          1
 Magic Dart               Conj           100%       1d8       0%          1
 Sandblast                Erth           100%       2d20      0%          1
 Shock                    Conj/Air       100%       1d9       0%          1
 Passwall                 Tmut/Erth      90%        N/A       0%          2
 Poisonous Vapours        Pois/Air       100%       N/A       0%          2
 Searing Ray              Conj           100%       3d7       0%          2
 Static Discharge         Conj/Air       100%       N/A       0%          2
 Animate Skeleton         Necr           100%       N/A       1%          1
 Beastly Appendage        Tmut           100%       N/A       1%          1
 Corona                   Hex            60%        N/A       1%          1
 Freeze                   Ice            100%       1d11      1%          1
 Pain                     Necr           100%       1d9       1%          1
 Sting                    Tmut/Pois      100%       1d8       1%          1
 Summon Small Mammal      Summ           100%       N/A       1%          1
 Call Imp                 Summ           76%        N/A       1%          2
 Corpse Rot               Necr/Air       N/A        N/A       1%          2
 Ensorcelled Hibernation  Hex/Ice        100%       N/A       1%          2
 Slow                     Hex            54%        N/A       1%          2
 Sublimation of Blood     Necr           27%        N/A       1%          2
 Wereblood                Tmut           54%        N/A       1%          2
 Conjure Flame            Conj/Fire      100%       6-21      0%          3
 Inner Flame              Hex/Fire       98%        N/A       0%          3
 Stone Arrow              Conj/Erth      100%       3d13      0%          3
 Swiftness                Air            100%       N/A       0%          3
 Animate Armour           Summ/Erth      100%       N/A       0%          4
 Sticky Flame             Conj/Fire      100%       2d11      0%          4
 Lee's Rapid Deconstruct  Erth           69%        3d32*     0%          5
 Confusing Touch          Hex            54%        N/A       1%          3
 Frozen Ramparts          Ice            100%       1d12      1%          3
 Gell's Gravitas          Tloc           46%        N/A       1%          3
 Lesser Beckoning         Tloc           46%        N/A       1%          3
 Portal Projectile        Hex/Tloc       100%       N/A       1%          3
 Spider Form              Tmut/Pois      37%        N/A       1%          3
 Teleport Other           Tloc           93%        N/A       1%          3
 Tukima's Dance           Hex            54%        N/A       1%          3
 Vampiric Draining        Necr           27%        2d9       1%          3
 Fulminant Prism          Conj/Hex       58%        3d25      1%          4
 Hailstorm                Conj/Ice       100%       3d20      1%          4
 Ice Form                 Ice/Tmut       67%        N/A       1%          4
 Leda's Liquefaction      Hex/Erth       54%        N/A       1%          4
 Olgreb's Toxic Radiance  Pois           91%        N/A       1%          4
 Passage of Golubria      Tloc           N/A        N/A       1%          4
 Petrify                  Tmut/Erth      100%       N/A       1%          4
 Summon Ice Beast         Ice/Summ       77%        N/A       1%          4
 Summon Lightning Spire   Summ/Air       94%        N/A       1%          4
 Alistair's Intoxication  Tmut/Pois      50%        N/A       1%          5
 Borgnjor's Vile Clutch   Necr/Erth      54%        N/A       1%          5
 Irradiate                Conj/Tmut      58%        3d32      1%          5
 Lightning Bolt           Conj/Air       69%        1d93      1%          5
 Manifold Assault         Tloc           93%        N/A       1%          5
 Silence                  Hex/Air        43%        N/A       1%          5
 Summon Forest            Summ/Tloc      42%        N/A       1%          5
 Freezing Cloud           Conj/Ice/Air   63%        6-21      1%          6
 Statue Form              Tmut/Erth      72%        N/A       1%          6
 Animate Dead             Necr           27%        N/A       2%          4
 Cause Fear               Hex            27%        N/A       2%          4
 Dispel Undead            Necr           54%        3d20      2%          4
 Dispersal                Tloc           46%        N/A       2%          6
 Metabolic Englaciation   Hex/Ice        33%        N/A       3%          5
 Summon Mana Viper        Hex/Summ       66%        N/A       3%          5
 Spellforged Servitor     Conj/Summ      62%        N/A       6%          7
 Agony                    Necr           54%        N/A       9%          5
 Hydra Form               Tmut           27%        N/A       9%          5
 Yara's Violent Unravell  Hex/Tmut       27%        3d12      9%          5
 Shadow Creatures         Summ           N/A        N/A       11%         6
 Eringya's Noxious Bog    Tmut/Pois      37%        N/A       12%         6
 Simulacrum               Ice/Necr       33%        N/A       22%         6
 Malign Gateway           Summ/Tloc      42%        N/A       30%         7
 Blade Hands              Tmut           27%        N/A       45%         6
 Death Channel            Necr           27%        N/A       45%         6
 Invisibility             Hex            27%        N/A       45%         6
 Ozocubu's Refrigeration  Ice            39%        4d12      47%         7
 Monstrous Menagerie      Summ           38%        N/A       54%         7
 Summon Hydra             Summ           38%        N/A       54%         7
 Disjunction              Tloc           46%        N/A       75%         8
 Haunt                    Necr/Summ      33%        N/A       80%         7
 Dragon Form              Tmut           27%        N/A       96%         7
 Tornado                  Air            54%        N/A       98%         9
 Summon Horrible Things   Summ           38%        N/A       99%         8
 Borgnjor's Revivificati  Necr           27%        N/A       100%        8
 Infestation              Necr           27%        N/A       100%        8
 Necromutation            Tmut/Necr      27%        N/A       100%        8
 Death's Door             Necr           27%        N/A       100%        9
 Dragon's Call            Summ           38%        N/A       100%        9


Dungeon Overview and Level Annotations

Branches:
Dungeon (15/15)            Temple (0/1) D:6            Lair (6/6) D:8
 Shoals (4/4) Lair:4       Spider (4/4) Lair:2        Slime (5/5) Lair:6
    Orc (2/2) D:9             Elf (3/3) Orc:2        Vaults (5/5) D:13
  Crypt (3/3) Vaults:3       Tomb (0/3) Crypt:3      Depths (5/5) D:15
   Hell (visited)             Dis (0/7) Hell            Geh (0/7) Hell
    Coc (7/7) Hell            Tar (0/7) Hell            Zot (4/5) Depths:5

Altars:
Cheibriados
Dithmenos
Elyvilon
Gozag
Kikubaaqudgha
Makhleb
Nemelex Xobeh
Okawaru
Qazlal
Ru
Sif Muna
Trog
Vehumet
Xom
Yredelemnul
Zin
The Shining One

Shops:
D:6 [   D:12 ?!(=   D:15 *[!:(   Orc:1 :   Orc:2 ?=?!(   Elf:2 *   Shoals:4 ?
Vaults:2 *   Depths:3 [?:   Depths:5 [(

Portals:
Hell: Depths:1 Depths:2 Depths:3 Depths:4 Depths:5
Abyss: Shoals:2 Depths:2 Depths:4
Pandemonium: Depths:2 Depths:3 Depths:4
Ziggurat: Depths:3

Annotations:
D:2 Sigmund
Lair:6 exclusion: oklob plant
Shoals:2 2 transporters, 2FriedEggs's ghost, adept FoAK
Crypt:2 3 runed translucent doors, Kucw's ghost, adept GrFi
Pan Mnoleg


Innate Abilities, Weirdness & Mutations

You are somewhat resistant to further mutation.
Your muscles are strong. (Str +2)
Your spells are a little easier to cast, but a little less powerful.


Message History

The burst of rock shards engulfs the eldritch tentacle segment!
The burst of rock shards engulfs the eldritch tentacle.
The burst of rock shards engulfs the eldritch tentacle segment.
The burst of rock shards engulfs Mnoleg!
The tin is emptied!
Mnoleg claws you!!
* * * LOW HITPOINT WARNING * * *
Mnoleg tentacle-slaps you.
* * * LOW HITPOINT WARNING * * *
You feel odd for a moment. Mnoleg gores you!
* * * LOW HITPOINT WARNING * * *
Mnoleg barely misses you. The large abomination misses you.
The neqoxec misses you. The cacodemon completely misses you. x2
The cacodemon misses you. x2
The eldritch tentacle completely misses you. x2
The large abomination completely misses you.
Unknown command.
You can feel time thicken for a moment.
You destroy the large abomination!
Flame seeps out of the cacodemon.
Mnoleg claws you but does no damage. Mnoleg completely misses you. x3
The large abomination closely misses you.
The neqoxec gestures at you.
Something tries to feed on your intellect!
The cacodemon completely misses you.
The cacodemon hits you but does no damage.
The eldritch tentacle completely misses you.
The eldritch tentacle closely misses you.
The cacodemon is engulfed in blazing flames.
Flame seeps out of the cacodemon.
The cacodemon misses you. The cacodemon hits you!
* * * LOW HITPOINT WARNING * * *
The large abomination hits you!
* * * LOW HITPOINT WARNING * * *
A large abomination comes into view.
The large abomination completely misses you.
Mnoleg claws you!!
* * * LOW HITPOINT WARNING * * *
Mnoleg tentacle-slaps you!!
You die...

########### .........##
## # .........## ##. ^.
#.........## ##..
...##..........## ##...
................# ##....
......X23.......###.....
......X@2......###......
.....XXw&..(..##.##.....
#.....│X.....##...##....
##....*......#.....#†...
##...........X.#.††##..
##......##...###...##.
##....##...## ##...##
##..##...## ..##...#
####...## ...##...


You could see Mnoleg, a tentacled monstrosity (summoned), an eldritch tentacle,
2 cacodemons, 5 large abominations and a neqoxec (weak-willed).

Vanquished Creatures
  Antaeus (Coc:7)
  the Royal Jelly (Slime:5)
  the Serpent of Hell (Coc:7)
  5 dread liches
  2 orbs of fire (Zot:4)
  2 ancient liches
  3 pandemonium lords (Pan)
  21 shard shrikes
  2 curse toes
  Saint Roka (Vaults:3)
  Geryon (Hell)
  A caustic shrike (Depths:4)
  9 golden dragons
  Arachne (Spider:2)
  3 bone dragons
  2 Brimstone Fiends (Pan)
  32 Ice Fiends
  11 tentacled monstrosities
  A hellephant (Pan)
  4 liches (Crypt:3)
  5 titans
  11 quicksilver dragons
  A deep elf master archer (Elf:3)
  3 deep elf blademasters
  2 tentacled starspawn (Abyss:2)
  18 acid blobs
  Polyphemus (Shoals:2)
  12 Executioners (Pan)
  7 ancient champions
  9 death cobs
  12 storm dragons
  The ghost of flotson the Covert, an adept GnDe of Gozag (Elf:1)
  Agnes (Elf:2)
  Gastronok (D:11)
  8 sphinxes
  6 tengu reavers
  12 azure jellies
  Donald (Shoals:3)
  6 draconian monks
  6 fire giants
  13 shadow dragons
  5 revenants
  5 frost giants
  3 draconian knights
  10 rockslimes
  5 cacodemons
  5 balrugs
  6 deep elf sorcerers
  8 ghost moths
  4 draconian shifters
  3 draconian scorchers (Zot:3)
  5 emperor scorpions
  14 vault wardens
  4 black suns (Pan)
  An emperor scorpion (shapeshifter) (Vaults:5)
  4 orc warlords
  5 draconian annihilators
  5 iron dragons
  Louise (Shoals:1)
  8 ghouls
  4 deep elf elementalists (Elf:3)
  9 ironbound preservers
  4 curse skulls
  2 draconian stormcallers
  2 elemental wellsprings
  2 warmongers (Pan)
  12 stone giants
  The ghost of Eryximachus the Fighter, a journeyman OpWz of Gozag (Spider:1)
  2 spriggan defenders
  11 war gargoyles
  35 reapers
  51 very ugly things
  15 quicksilver oozes
  2 blood saints (Pan)
  The ghost of Heezod the Fighter, a journeyman MiBe of Trog (Shoals:1)
  9 green draconians
  7 deep elf demonologists
  A corrupter (Pan)
  6 lorocyprocas
  14 vampire knights
  12 black draconians
  6 starcursed masses (Abyss:2)
  8 red draconians
  6 deep elf annihilators (Elf:3)
  2 dire elephants
  8 yellow draconians
  4 spark wasps
  10 purple draconians
  4 entropy weavers
  7 merfolk javelineers
  4 eidola
  A white draconian (Zot:1)
  13 ettins
  3 crystal guardians
  21 blizzard demons
  A mummy priest (Crypt:3)
  A quicksilver dragon zombie (Crypt:1)
  6 green deaths
  10 deep elf death magi
  The ghost of Helyuxif the Fighter, a journeyman OpIE of Qazlal (Lair:5)
  9 jiangshi
  4 fire dragons
  2 kraken zombies
  12 yaktaur captains
  5 deep elf high priests
  11 merfolk impalers
  A spriggan air mage (Depths:3)
  12 great orbs of eyes
  5 ironbound thunderhulks
  29 ice dragons
  3 monstrous demonspawn (Pan)
  27 vault guards
  12 boulder beetles
  A hydra (shapeshifter) (Depths:5)
  Fannar (D:10)
  A juggernaut simulacrum (Elf:2)
  10 hydras
  4 hell beasts
  7 rakshasas
  2 peacekeepers
  4 quicksilver dragon skeletons
  2 alligator snapping turtles
  An ogre mage (Vaults:5)
  12 centaur warriors
  6 merfolk avatars
  9 two-headed ogres
  3 ghost crabs (Elf:2)
  A fenstrider witch skeleton (Crypt:3)
  9 merfolk aquamancers
  5 death knights
  5 ironbound frosthearts
  3 catoblepae
  9 deep troll shamans
  An anaconda (shapeshifter) (D:14)
  Erica (Lair:1)
  3 satyrs
  30 dancing weapons
  3 thrashing horrors (Abyss:2)
  9 tengu warriors
  8 vampire magi
  6 deep troll earth magi
  2 ironbound beastmasters
  11 death yaks
  Urug (D:10)
  5 hell hogs (Depths:1)
  2 orc high priests (Orc:2)
  3 spriggan berserkers
  3 titan zombies (Coc:7)
  3 hell knights
  Sonja (D:10)
  20 soul eaters
  3 spriggans
  2 storm dragon zombies
  A fire crab (Lair:6)
  46 sun demons
  A ghost moth zombie (Coc:4)
  3 titan skeletons
  A bunyip zombie (Crypt:3)
  24 deep elf knights
  11 iron trolls
  3 sixfirhies
  80 skeletal warriors
  3 shadow wraiths
  3 storm dragon skeletons
  12 sea snakes
  4 flayed ghosts
  A golden dragon zombie (Coc:7)
  A quicksilver dragon simulacrum (Elf:2)
  The ghost of mandarbmax the Thaumaturge, a novice DjFE of Ashenzari (D:6)
  2 wretched stars (Abyss:2)
  8 anaconda zombies
  4 gelid demonspawn (Pan)
  A glowing orange brain (shapeshifter) (Depths:4)
  11 shadow demons
  51 deep trolls
  7 wizards
  A glowing orange brain (Depths:2)
  5 infernal demonspawn (Pan)
  5 bog bodies
  19 deep elf archers
  4 shadow dragon zombies (Coc:7)
  An orange crystal statue (Depths:2)
  5 torturous demonspawn (Pan)
  21 phantasmal warriors
  2 golden dragon skeletons (Crypt:3)
  6 lindwurms
  6 anaconda skeletons
  A sphinx zombie (Vaults:3)
  A kraken simulacrum (Shoals:4)
  13 ironbound convokers
  37 harpies
  40 deep elf pyromancers
  29 deep elf zephyrmancers
  An obsidian statue (Depths:3)
  3 tengu zombies
  8 necromancers
  6 cyclopes
  3 tengu skeletons
  8 orc knights
  9 orc sorcerers
  26 wolf spiders
  2 frost giant zombies
  16 orb spiders
  A shadow dragon skeleton (Crypt:3)
  59 ugly things
  3 stone giant zombies
  6 fire giant zombies (Coc:7)
  4 shining eyes
  2 worldbinders (Abyss:2)
  25 moths of wrath
  12 fauns
  2 iron dragon skeletons
  20 manticores
  14 elephants
  Maurice (D:7)
  2 sphinx skeletons (Elf:2)
  7 stone giant skeletons
  11 merfolk sirens
  3 shock serpent zombies
  A naga mage (Abyss:2)
  9 rust devils
  4 black mambas
  4 titan simulacra (Coc:7)
  A guardian serpent (shapeshifter) (Vaults:5)
  5 water nymphs
  A black mamba (shapeshifter) (D:14)
  5 torpor snails
  A guardian serpent (Abyss:2)
  44 smoke demons
  6 storm dragon simulacra
  12 cane toads
  2 fire giant skeletons
  2 frost giant skeletons
  4 gargoyles
  20 vault sentinels
  2 dire elephant zombies
  An eye of devastation (Slime:5)
  5 orange demons
  3 rime drakes
  4 molten gargoyles (Hell)
  2 efreet
  2 emperor scorpion zombies (Coc:7)
  4 kobold demonologists
  A minotaur zombie (Crypt:1)
  27 yaktaurs
  2 sea snake zombies (Hell)
  2 tengu conjurers
  20 tormentors
  A white draconian zombie (Crypt:2)
  62 demonic crawlers
  31 freezing wraiths
  17 hellions
  5 unseen horrors
  7 hellwings
  A minotaur skeleton (Crypt:3)
  13 red devils
  14 komodo dragons
  3 anaconda simulacra
  3 ancient zymes (Abyss:2)
  9 guardian mummies
  A golden dragon simulacrum (Coc:7)
  2 harpy zombies (Coc:7)
  13 hydra zombies
  A yaktaur skeleton (Vaults:3)
  7 trolls
  2 death yak skeletons
  40 ice devils
  27 jumping spiders
  6 hornets
  2 polar bears
  A polar bear (shapeshifter) (Elf:3)
  3 meliai (D:15)
  6 wind drakes
  31 merfolk
  Prince Ribbit (D:6)
  A wolf spider simulacrum (Coc:7)
  A stone giant simulacrum (Coc:3)
  4 ettin zombies
  73 slime creatures
  4 hydra skeletons
  25 blink frogs
  2 harpy skeletons
  8 snapping turtles
  3 dream sheep (Lair:6)
  A fire giant simulacrum (Depths:1)
  2 frost giant simulacra
  2 alligator zombies
  2 ice dragon zombies
  45 flying skulls
  5 ice dragon skeletons
  4 alligator skeletons
  An air elemental (Elf:3)
  A dire elephant simulacrum (Coc:7)
  4 fire dragon skeletons
  35 water elementals
  4 ettin skeletons
  26 ynoxinuls
  47 redbacks
  44 yaks
  A vampire (D:13)
  4 wyverns
  A black mamba zombie (Coc:7)
  16 wraiths
  A black mamba skeleton (Coc:7)
  25 tarantellas
  Eustachio (D:4)
  7 golden eyes
  2 steam dragons (D:8)
  6 basilisks
  15 neqoxecs
  A fire bat (shapeshifter) (Depths:5)
  4 fire elementals
  Menkaure (D:5)
  37 chaos spawn
  Grum (D:8)
  An emperor scorpion simulacrum (Coc:7)
  A merfolk zombie (Coc:7)
  7 wargs
  Edmund (D:6)
  3 vampire mosquitoes (D:13)
  6 cane toad zombies
  An acid dragon (D:12)
  13 hell hounds (Hell)
  14 water moccasins
  5 hydra simulacra (Coc:7)
  A deep troll skeleton (Crypt:2)
  A floating eye (shapeshifter) (Depths:4)
  37 large abominations
  A floating eye (Slime:4)
  2 snapping turtle zombies (Coc:7)
  A gelid demonspawn skeleton (Crypt:3)
  2 cane toad skeletons
  An ice dragon simulacrum (Coc:7)
  A sky beast (D:7)
  3 spriggan simulacra (Depths:1)
  39 orc warriors
  3 ice beasts
  A black bear (D:4)
  2 alligator simulacra
  A swamp dragon zombie (Crypt:1)
  9 necrophages
  14 ogres
  A human skeleton (Vaults:4)
  2 boggarts (Depths:2)
  A manticore skeleton (Crypt:3)
  18 wolves
  A phantom (Coc:1)
  15 centaurs
  A hog skeleton (Crypt:1)
  A snapping turtle skeleton (Coc:7)
  A yaktaur zombie (Crypt:3)
  14 kobold brigands
  8 small abominations
  An elf simulacrum (Vaults:3)
  A fire crab zombie (Crypt:2)
  An elf zombie (Coc:7)
  A rime drake skeleton (Crypt:1)
  A gnoll sergeant (D:6)
  10 bullfrogs
  3 earth elementals
  An elf skeleton (Coc:7)
  3 scorpions
  A cyclops zombie (Crypt:2)
  2 wyvern skeletons
  A warg zombie (Crypt:3)
  A hornet simulacrum (D:13)
  A water moccasin skeleton (D:5)
  A queen bee zombie (Crypt:1)
  A snapping turtle simulacrum (Crypt:1)
  6 killer bees (D:8)
  3 electric eels
  17 wights
  3 howler monkeys
  4 centaur zombies
  2 hounds (D:5)
  A bullfrog skeleton (D:4)
  A human zombie (Coc:7)
  25 orc priests
  A gnoll shaman (D:7)
  3 jellies
  A centaur skeleton (Crypt:3)
  Jessica (D:2)
  A basilisk skeleton (Crypt:1)
  2 iguanas
  42 orc wizards
  A felid zombie (Crypt:2)
  A naga skeleton (Crypt:3)
  3 mummies
  A howler monkey zombie (D:9)
  6 adders
  14 gnolls
  5 shadow imps
  13 white imps
  3 ufetubi
  An adder zombie (Crypt:3)
  A lava snake skeleton (Crypt:1)
  An adder skeleton (D:4)
  A worm (D:5)
  A barachi zombie (Crypt:3)
  2 dart slugs
  92 orcs
  9 ball pythons
  A bat skeleton (Crypt:2)
  8 endoplasms
  5 giant cockroaches
  5 goblins
  6 hobgoblins
  10 jackals
  37 kobolds
  4 quokkas
  A ball python zombie (Crypt:3)
  12 bats
  2 frilled lizards (D:2)
  4 rats
  3 ball lightnings (Pan)
  A pillar of salt (Elf:1)
  A plant (Depths:2)
  6 tentacles
3342 creatures vanquished.

Vanquished Creatures (collateral kills)
  A black sun (Pan)
  An orc warlord (Orc:2)
  A merfolk javelineer (Shoals:4)
  A merfolk aquamancer (Shoals:4)
  A sun demon (Pan)
  A demonic crawler (Pan)
  A merfolk (Shoals:4)
  A blink frog (Lair:1)
8 creatures vanquished.

Vanquished Creatures (others)
  A ghost moth (Zot:3)
  A stone giant (Elf:1)
  2 elemental wellsprings
  A deep elf demonologist (Elf:3)
  2 black draconians
  A yellow draconian (Zot:1)
  A merfolk aquamancer (Shoals:4)
  A sun demon (Pan)
  2 deep elf knights
  A deep troll (Vaults:1)
  A deep elf pyromancer (Elf:3)
  A wizard (Depths:2)
  A deep elf archer (Elf:1)
  A harpy (Shoals:4)
  A manticore (Shoals:3)
  A cane toad (shapeshifter) (Elf:2)
  A hornet (Spider:2)
  A snapping turtle (Shoals:4)
  3 flying skulls (Coc:7)
  A tarantella (Spider:4)
  A yak (Lair:1)
  A wolf (Lair:6)
  A howler monkey (D:11)
  A white imp (Coc:7)
  47 ball lightnings
  A bush (Lair:6)
  53 fungi
  A lurking horror (Abyss:2)
  2 pillars of salt (Elf:1)
  226 plants
  5 starspawn tentacles (Abyss:2)
  8 tentacles
372 creatures vanquished.

Grand Total: 3722 creatures vanquished

Notes
Turn   | Place    | Note
-------+----------+-------------------------------------------
     0 | D:1      | Zonian the Human Conjurer began the quest for the Orb.
     0 | D:1      | Reached XP level 1. HP: 13/13 MP: 3/3
   148 | D:1      | Reached XP level 2. HP: 19/19 MP: 3/5
  1128 | D:1      | Reached XP level 3. HP: 25/25 MP: 4/6
  1666 | D:2      | Noticed Sigmund
  1747 | D:2      | Found a snail-covered altar of Cheibriados.
  1799 | D:2      | Reached skill level 1 in Fighting
  2003 | D:2      | Became a worshipper of Cheibriados the Contemplative
  2152 | D:2      | Reached XP level 4. HP: 32/32 MP: 3/7
  2357 | D:2      | Noticed Jessica
  2361 | D:2      | Killed Jessica
  2709 | D:2      | Learned a level 2 spell: Searing Ray
  2712 | D:2      | Learned a level 2 spell: Blink
  3410 | D:3      | Found a basalt altar of Yredelemnul.
  3438 | D:3      | Reached skill level 1 in Short Blades
  3630 | D:3      | Reached XP level 5. HP: 37/37 MP: 1/8
  3841 | D:3      | Reached * piety under Cheibriados
  4043 | D:3      | Found a faded altar of an unknown god.
  4164 | D:2      | Reached skill level 5 in Conjurations
  4826 | D:3      | Found a white marble altar of Elyvilon.
  5025 | D:4      | Found a glowing golden altar of the Shining One.
  5464 | D:4      | Reached XP level 6. HP: 43/43 MP: 6/9
  5466 | D:4      | Reached ** piety under Cheibriados
  5658 | D:4      | Noticed an ogre
  5667 | D:4      | Killed an ogre
  5668 | D:4      | Reached skill level 1 in Invocations
  5993 | D:4      | Noticed a black bear
  6004 | D:4      | Killed a black bear
  6005 | D:4      | Reached XP level 7. HP: 43/50 MP: 3/11
  8073 | D:5      | Entered Level 5 of the Dungeon
  8290 | D:5      | Noticed Eustachio
  8315 | D:4      | Killed Eustachio
  8316 | D:4      | Reached XP level 8. HP: 16/57 MP: 0/12
 10005 | D:5      | Found a snail-covered altar of Cheibriados.
 10269 | D:5      | Found a transporter.
 10276 | D:5      | Noticed a kobold demonologist
 10288 | D:5      | Found a transporter.
 10306 | D:5      | Noticed Menkaure
 10309 | D:5      | Killed Menkaure
 10453 | D:5      | Learned a level 3 spell: Mephitic Cloud
 10469 | D:5      | Reached *** piety under Cheibriados
 10648 | D:5      | Found a burning altar of Makhleb.
 11165 | D:5      | Killed a kobold demonologist
 11166 | D:5      | Reached skill level 1 in Translocations
 11166 | D:5      | Reached skill level 1 in Air Magic
 11166 | D:5      | Reached skill level 1 in Poison Magic
 11166 | D:5      | Reached XP level 9. HP: 59/64 MP: 6/14
 11449 | D:6      | Noticed a kobold demonologist
 11449 | D:6      | Noticed mandarbmax's ghost (novice DjFE)
 11450 | D:6      | Found a runed translucent gate.
 11450 | D:6      | Found a runed translucent gate.
 11452 | D:6      | Found a runed translucent gate.
 11798 | D:6      | Found Pioklil's Antique Armour Emporium.
 12156 | D:6      | Found a staircase to the Ecumenical Temple.
 12431 | D:6      | Reached skill level 1 in Evocations
 12443 | D:6      | Reached **** piety under Cheibriados
 12783 | D:6      | Noticed Edmund
 12795 | D:6      | Killed Edmund
 13236 | D:6      | Found a large runed translucent door.
 13240 | D:6      | Found a large runed translucent door.
 13300 | D:6      | Noticed Prince Ribbit
 13307 | D:6      | Killed Prince Ribbit
 13688 | D:6      | Found a shimmering blue altar of Sif Muna.
 13698 | D:6      | Reached skill level 5 in Stealth
 13773 | D:6      | Found a radiant altar of Vehumet.
 13778 | D:6      | Reached skill level 1 in Maces & Flails
 13978 | D:7      | Reached XP level 10. HP: 71/71 MP: 9/16
 13984 | D:7      | Noticed a purple ugly thing
 14001 | D:7      | Killed a purple ugly thing
 14268 | D:7      | Found an opulent altar of Gozag.
 14431 | D:7      | Learned a level 4 spell: Iskenderun's Mystic Blast
 15610 | D:8      | Noticed Maurice
 15617 | D:7      | Reached skill level 5 in Dodging
 16095 | D:7      | Killed Maurice
 16672 | D:8      | Reached ***** piety under Cheibriados
 16813 | D:8      | Noticed Grum
 16834 | D:8      | Killed Grum
 16835 | D:8      | Reached skill level 5 in Invocations
 16835 | D:8      | Reached XP level 11. HP: 23/78 MP: 15/18
 17330 | D:8      | Found a shadowy altar of Dithmenos.
 18150 | D:8      | Reached skill level 5 in Spellcasting
 18629 | D:8      | Found a staircase to the Lair.
 18729 | D:8      | Found an ancient bone altar of Kikubaaqudgha.
 19032 | Lair:1   | Entered Level 1 of the Lair of Beasts
 19881 | Lair:1   | Noticed Erica
 19901 | Lair:1   | Killed Erica
 19902 | Lair:1   | Reached skill level 5 in Fighting
 20677 | Lair:2   | Learned a level 3 spell: Dazzling Flash
 20681 | Lair:2   | Learned a level 3 spell: Conjure Flame
 20902 | Lair:2   | Reached skill level 1 in Armour
 21097 | Lair:2   | Reached XP level 12. HP: 78/86 MP: 11/20
 21480 | Lair:2   | Reached skill level 1 in Fire Magic
 22305 | Lair:2   | Found a hole to the Spider Nest.
 23553 | Lair:3   | Noticed an eight-headed hydra
 23567 | Lair:3   | Killed an eight-headed hydra
 23923 | Lair:3   | Identified the +0 robe of the Hidden Continents {Fly rF+
                  | Str-2 Dex+2}
 23937 | Lair:3   | Identified the +6 chain mail "Anwawy" {Fly Will+}
 24024 | Lair:3   | Reached skill level 5 in Air Magic
 24025 | Lair:3   | Reached skill level 5 in Poison Magic
 24033 | Lair:3   | Reached skill level 10 in Conjurations
 24565 | Lair:3   | Identified the +5 hunting sling "Mimmimy" {venom, Fly rPois
                  | MP-9 Str+6 Int+8}
 24898 | Lair:3   | Noticed a boulder beetle
 24914 | Lair:3   | Killed a boulder beetle
 24915 | Lair:3   | Reached skill level 5 in Translocations
 24915 | Lair:3   | Reached XP level 13. HP: 93/93 MP: 8/22
 25295 | Lair:3   | Learned a level 5 spell: Bolt of Magma
 25878 | Lair:4   | Found a staircase to the Shoals.
 26082 | Lair:4   | Noticed a five-headed hydra
 26091 | Lair:4   | Killed a five-headed hydra
 26489 | Lair:4   | Reached skill level 1 in Earth Magic
 27005 | Lair:4   | Reached skill level 5 in Maces & Flails
 28484 | Lair:5   | Noticed a four-headed hydra
 28494 | Lair:5   | Killed a four-headed hydra
 28622 | Lair:5   | Found a runed translucent door.
 28649 | Lair:5   | Noticed Helyuxif's ghost (journeyman OpIE)
 28881 | Lair:5   | Noticed a six-headed hydra
 28892 | Lair:5   | Killed a six-headed hydra
 28892 | Lair:5   | Noticed a six-headed hydra
 28900 | Lair:5   | Killed a six-headed hydra
 29487 | Lair:5   | Noticed a four-headed hydra
 29518 | Lair:5   | Noticed a four-headed hydra
 29528 | Lair:5   | Killed a four-headed hydra
 29601 | Lair:5   | Identified the +3 scimitar of Fakha {protect, rPois}
 29681 | Lair:5   | Killed a four-headed hydra
 30081 | Lair:5   | Noticed a boulder beetle
 30110 | Lair:5   | Killed a boulder beetle
 30576 | Lair:5   | Reached ****** piety under Cheibriados
 30717 | Lair:6   | Entered Level 6 of the Lair of Beasts
 30717 | Lair:6   | Noticed a four-headed hydra
 31066 | Lair:6   | Killed a four-headed hydra
 31079 | Lair:6   | Reached XP level 14. HP: 50/101 MP: 5/24
 31607 | Lair:6   | Found a shimmering blue altar of Sif Muna.
 32555 | Lair:6   | Identified a scroll of acquirement
 32555 | Lair:6   | Acquired the +3 pair of boots "Azeg" {rElec Str+4}
 32700 | Lair:6   | Found a sparkling altar of Nemelex Xobeh.
 32852 | Lair:6   | Found a staircase to the Slime Pits.
 33368 | Lair:6   | Reached XP level 15. HP: 108/108 MP: 25/25
 33373 | Lair:6   | Learned a level 3 spell: Spider Form
 34211 | Lair:6   | Reached skill level 5 in Fire Magic
 37878 | D:9      | Found a sacrificial altar of Ru.
 38402 | D:9      | Found a bloodstained altar of Trog.
 39222 | D:9      | Found a staircase to the Orcish Mines.
 39316 | D:10     | Entered Level 10 of the Dungeon
 39318 | D:10     | Noticed Urug
 39345 | D:10     | Killed Urug
 39361 | D:10     | Reached XP level 16. HP: 59/116 MP: 5/26
 39550 | D:10     | Found a stormy altar of Qazlal.
 40123 | D:10     | Noticed Fannar
 40137 | D:10     | Killed Fannar
 40418 | D:10     | Identified the +8 falchion "Ketu" {vorpal, Drain Fly Str+8
                  | SInv}
 40618 | D:10     | Noticed Sonja
 40623 | D:10     | Killed Sonja
 41415 | D:11     | Acquired the ring "Elapt" {rPois rN+ Will+ Str-2 Int+7}
 41938 | D:11     | Reached skill level 1 in Throwing
 42199 | D:11     | Noticed Gastronok
 42219 | D:11     | Killed Gastronok
 42220 | D:11     | Reached skill level 5 in Earth Magic
 42739 | D:11     | Learned a level 6 spell: Iron Shot
 42801 | D:11     | You fall into a shaft and drop 1 floor!
 43064 | D:12     | Found Qailehu's Magic Scroll Emporium.
 43068 | D:12     | Bought a scroll of fear for 49 gold pieces
 43068 | D:12     | Bought a scroll of teleportation for 42 gold pieces
 43068 | D:12     | Bought a scroll of blinking for 105 gold pieces
 43606 | D:12     | Found Juha's Distillery.
 43623 | D:12     | Bought a potion of ambrosia for 104 gold pieces
 43623 | D:12     | Bought a potion of ambrosia for 104 gold pieces
 43623 | D:12     | Bought a potion of curing for 39 gold pieces
 43946 | D:12     | Found Hasyemm's Jewellery Shoppe.
 44079 | D:12     | Bought an amulet of reflection for 480 gold pieces
 44314 | D:12     | Found Reoz's Weapon Boutique.
 46507 | D:13     | Found a gate to the Vaults.
 47136 | D:14     | Found a glowing silver altar of Zin.
 47136 | D:14     | Found a white marble altar of Elyvilon.
 47136 | D:14     | Found a glowing golden altar of the Shining One.
 48333 | D:14     | Found a portal to a secret trove of treasure.
 48826 | D:14     | Identified the +4 bardiche of Patience {vorpal, rElec Dex-4
                  | Stlth+}
 49144 | D:14     | Reached XP level 17. HP: 105/124 MP: 18/28
 49549 | D:15     | Entered Level 15 of the Dungeon
 49917 | D:15     | Found Wohe Sie's General Store.
 50636 | D:15     | Found Etzyteom's Book Shoppe.
 50775 | D:15     | Found Xukec's Distillery.
 50783 | D:15     | Bought a potion of resistance for 170 gold pieces
 50783 | D:15     | Bought a potion of heal wounds for 85 gold pieces
 51878 | D:15     | Found Ladapaes's Armour Emporium.
 52480 | D:15     | Found Keoplil's Antique Weapon Shop.
 52844 | D:15     | Bought a dazzling great mace for 368 gold pieces
 52844 | D:15     | Identified the +9 great mace "Muivonug" {spect, Int+2} (You
                  | bought it in a shop on level 15 of the Dungeon)
 52902 | D:15     | Found a staircase to the Depths.
 53124 | Orc:1    | Entered Level 1 of the Orcish Mines
 53206 | Orc:1    | Found Gemicrami's Book Emporium.
 53811 | D:6      | Bought a runed ring mail for 175 gold pieces
 54221 | Orc:2    | Entered Level 2 of the Orcish Mines
 54491 | Orc:2    | Found Yxom's Magic Scroll Emporium.
 54498 | Orc:2    | Bought a scroll of teleportation for 42 gold pieces
 55176 | Orc:2    | Found a staircase to the Elven Halls.
 55991 | Orc:2    | Found Juipuuss's Distillery.
 55991 | Orc:2    | Found Zousch's Jewellery Shoppe.
 55992 | Orc:2    | Found Kaotuim's Magic Scroll Shoppe.
 55995 | Orc:2    | Found Geuklogh's Weapon Emporium.
 56000 | Orc:2    | Bought a scroll of fog for 32 gold pieces
 56000 | Orc:2    | Bought a scroll of teleportation for 48 gold pieces
 56000 | Orc:2    | Bought a scroll of fog for 32 gold pieces
 58430 | Orc:2    | Reached skill level 5 in Evocations
 59345 | Orc:1    | Reached skill level 10 in Invocations
 59671 | Orc:2    | Bought a potion of curing for 45 gold pieces
 59671 | Orc:2    | Bought a potion of heal wounds for 75 gold pieces
 59671 | Orc:2    | Bought a potion of curing for 45 gold pieces
 59673 | Orc:2    | Bought a scroll of blinking for 120 gold pieces
 59718 | Orc:2    | Bought a scroll of summoning for 133 gold pieces
 59845 | Spider:1 | Entered Level 1 of the Spider Nest
 60806 | Spider:1 | Found a runed translucent door.
 60806 | Spider:1 | Found a shimmering altar of Xom.
 60806 | Spider:1 | Noticed Eryximachus's ghost (journeyman OpWz)
 60810 | Spider:1 | Identified the +5 double sword "Disiugacs" {chaos, Will+
                  | Str+2}
 60822 | Spider:1 | Killed Eryximachus's ghost
 60832 | Spider:1 | Learned a level 3 spell: Ignite Poison
 62520 | Spider:1 | Identified the +2 rapier "Orb Guardian's Bane" {venom,
                  | Int+3}
 62540 | Spider:1 | Reached skill level 10 in Stealth
 62701 | Spider:1 | Reached XP level 18. HP: 74/132 MP: 14/30
 66375 | Spider:2 | Noticed Arachne
 66380 | Spider:2 | Killed Arachne
 67261 | Spider:3 | Identified the +0 pair of gloves "Plog" {Dex+2}
 68815 | Spider:4 | Entered Level 4 of the Spider Nest
 70362 | Spider:4 | Reached skill level 10 in Fighting
 70529 | Spider:4 | Reached skill level 10 in Dodging
 72283 | Spider:4 | Reached XP level 19. HP: 108/142 MP: 21/32
 74484 | Spider:4 | Got a gossamer rune of Zot
 75178 | Shoals:1 | Entered Level 1 of the Shoals
 77350 | Shoals:1 | Noticed Louise
 77623 | Shoals:1 | Killed Louise
 80301 | Shoals:1 | Found a runed translucent door.
 80301 | Shoals:1 | Noticed Heezod's ghost (journeyman MiBe)
 80477 | Shoals:1 | You fall into a shaft and drop 1 floor!
 80554 | Shoals:2 | Found a one-way gate to the infinite horrors of the Abyss.
 80554 | Shoals:2 | Noticed 2FriedEggs's ghost (adept FoAK)
 81969 | Shoals:2 | Found a transporter.
 81984 | Shoals:2 | Found a transporter.
 81987 | Shoals:2 | Identified the +10 flail "Yschiod" {speed, Int+4}
 82361 | Shoals:3 | Noticed Donald
 82452 | Shoals:3 | Noticed Polyphemus
 82458 | Shoals:2 | Killed Polyphemus
 83710 | Shoals:3 | Killed Donald
 84340 | Shoals:3 | Reached XP level 20. HP: 146/155 MP: 28/33
 84490 | Shoals:3 | Found a sacrificial altar of Ru.
 84921 | Shoals:3 | Reached skill level 10 in Maces & Flails
 85237 | Shoals:4 | Entered Level 4 of the Shoals
 85283 | Shoals:4 | Learned a level 5 spell: Fireball
 85767 | Shoals:4 | HP: 6/156 [harpy (13)]
 87972 | Shoals:4 | Reached skill level 10 in Spellcasting
 88727 | Shoals:4 | Found Rohus's Magic Scroll Boutique.
 88735 | Shoals:4 | Bought a scroll of teleportation for 45 gold pieces
 88735 | Shoals:4 | Bought a scroll of fog for 30 gold pieces
 88735 | Shoals:4 | Bought a scroll of teleportation for 45 gold pieces
 88735 | Shoals:4 | Bought a scroll of fog for 30 gold pieces
 88735 | Shoals:4 | Bought a scroll of fear for 52 gold pieces
 89485 | Shoals:4 | Got a barnacled rune of Zot
 89805 | Elf:1    | Entered Level 1 of the Elven Halls
 90981 | Elf:1    | Found a runed translucent gate.
 90981 | Elf:1    | Found a runed translucent gate.
 90981 | Elf:1    | Found a runed translucent gate.
 91002 | Elf:1    | Reached XP level 21. HP: 156/166 MP: 21/35
 91098 | Elf:1    | Noticed flotson's ghost (adept GnDe)
 91403 | Elf:1    | Identified the -8 robe of Qesiozev {rPois Dex+3}
 91408 | Elf:1    | Found an iron altar of Okawaru.
 92429 | Elf:1    | Identified the +5 plate armour "Qoravi" {SInv}
 94894 | Elf:2    | Found Taazxah's General Store.
 94897 | Elf:2    | Bought a wand of iceblast (13) for 289 gold pieces
 95164 | Elf:2    | Noticed a bone dragon
 95177 | Elf:2    | Killed a bone dragon
 95652 | Elf:2    | Reached skill level 15 in Fighting
 95659 | Elf:2    | Identified the Papyrus of Necromancy
 95801 | Elf:2    | Found a runed translucent gate.
 95801 | Elf:2    | Found a runed translucent gate.
 95805 | Elf:2    | Found a runed translucent gate.
 96337 | Elf:3    | Entered Level 3 of the Elven Halls
 96581 | Elf:3    | Reached skill level 10 in Fire Magic
 97934 | Elf:3    | Identified the +2 robe of Too Many Cooks {+Inv rF- rN+++
                  | Regen+}
 97934 | Elf:3    | Identified the ring "Zonnobubuq" {rElec rPois Str-5 Int-2
                  | Dex+6}
 98235 | Elf:3    | Identified the +8 mace "Orb Guardian's Bane" {vamp, rC++
                  | Str-3}
 98530 | Elf:3    | Cast into level 2 of the Abyss (a deep elf sorcerer)
 98551 | Abyss:2  | Found a corrupted altar of Lugonu.
 98553 | Abyss:2  | Identified the +1 scale mail of Cowardice {+Blink rN++
                  | Str-4 Int+3}
 98573 | Elf:3    | Escaped the Abyss
100031 | Elf:3    | Reached XP level 22. HP: 176/176 MP: 30/36
100116 | Elf:3    | Reached skill level 10 in Earth Magic
100944 | Elf:3    | Cast into level 2 of the Abyss (a deep elf demonologist)
101400 | Abyss:2  | Gained mutation: You are clumsy. (Dex -2) [a cacodemon]
101402 | Abyss:2  | Gained mutation: Armour fits poorly on your strangely
                  | shaped body. [a cacodemon]
101425 | Abyss:2  | Gained mutation: You are occasionally teleported next to
                  | monsters. [a neqoxec]
101774 | Elf:3    | Escaped the Abyss
103148 | Elf:3    | Identified the +4 hunting sling of Execution {venom, rN+
                  | rCorr Dex+4}
103179 | Elf:3    | Identified the Volume of Flying Transformation
103185 | Elf:3    | Identified the Incunabulum of Evil Secrets and the
                  | Frostbite
103355 | Elf:3    | Identified the Collected Works on Earthen Curses
103359 | Elf:3    | Identified the Grimoire of Torrid Creation
103368 | Elf:3    | Learned a level 6 spell: Conjure Ball Lightning
103385 | Elf:3    | Identified the +0 pair of gloves of the Salmon {rC+ Regen+
                  | Str+2}
104075 | D:10     | Lost mutation: You are clumsy. (Dex -2) [potion of
                  | mutation]
104075 | D:10     | Lost mutation: Armour fits poorly on your strangely shaped
                  | body. [potion of mutation]
104075 | D:10     | Gained mutation: You occasionally shout uncontrollably at
                  | your foes. [potion of mutation]
104076 | D:10     | Lost mutation: You occasionally shout uncontrollably at
                  | your foes. [potion of mutation]
104076 | D:10     | Lost mutation: You are occasionally teleported next to
                  | monsters. [potion of mutation]
104076 | D:10     | Gained mutation: Your system is resistant to poisons.
                  | (rPois) [potion of mutation]
104076 | D:10     | Gained mutation: You have large cloven feet. [potion of
                  | mutation]
104195 | Vaults:1 | Entered Level 1 of the Vaults
104196 | Vaults:1 | Cast into level 2 of the Abyss (a wizard)
104196 | Abyss:2  | Found a corrupted altar of Lugonu.
104224 | Abyss:2  | Found a corrupted altar of Lugonu.
105076 | Abyss:2  | Noticed a dread lich
105083 | Abyss:2  | Killed a dread lich
105086 | Vaults:1 | Escaped the Abyss
105086 | Vaults:1 | Paralysed by a sphinx for 4 turns
105417 | Vaults:1 | You fall into a shaft and drop 1 floor!
107087 | Vaults:1 | Reached XP level 23. HP: 184/184 MP: 13/38
107388 | Vaults:1 | You fall into a shaft and drop 1 floor!
107643 | Vaults:2 | Reached skill level 10 in Evocations
109907 | Vaults:2 | Found Peirirgh's Assorted Antiques.
109921 | Vaults:2 | Bought a wand of iceblast (8) for 104 gold pieces
111833 | Vaults:3 | Noticed Saint Roka
111843 | Vaults:3 | Killed Saint Roka
112275 | Vaults:3 | Found a staircase to the Crypt.
112833 | Vaults:3 | Reached XP level 24. HP: 165/193 MP: 2/38
114086 | Vaults:3 | Identified the +0 pair of gloves "Kuzuecic" {+Blink}
117065 | Vaults:5 | Entered Level 5 of the Vaults
117691 | D:6      | Killed mandarbmax's ghost
118531 | Elf:2    | Noticed Agnes
118538 | Elf:2    | Killed Agnes
119537 | Elf:1    | Learned a level 3 spell: Ozocubu's Armour
119544 | Elf:1    | Killed flotson's ghost
119951 | Shoals:1 | Killed Heezod's ghost
120139 | Orc:2    | Bought a scroll of enchant armour for 105 gold pieces
120187 | Orc:2    | Bought a scroll of enchant armour for 120 gold pieces
120479 | Vaults:2 | Bought 3 potions of magic for 624 gold pieces
120852 | Orc:2    | Bought a scroll of holy word for 120 gold pieces
121508 | Spider:3 | Learned a level 4 spell: Airstrike
122704 | Vaults:4 | Reached XP level 25. HP: 194/202 MP: 17/39
124763 | Vaults:5 | Reached skill level 1 in Ice Magic
125090 | Vaults:5 | Noticed a dread lich
125515 | Vaults:5 | Killed a dread lich
126788 | Vaults:5 | Noticed an ancient lich
127721 | Vaults:4 | Killed an ancient lich
128648 | Vaults:5 | Noticed an ancient lich
128655 | Vaults:5 | Killed an ancient lich
129844 | Vaults:5 | Identified the amulet "Iduokkus" {Reflect Dex+7 SH+5}
130137 | Vaults:5 | Identified the +0 scale mail of Uwuhasor {Rampage Str+4
                  | Int+7 Dex+4}
130203 | Vaults:5 | Identified the +3 quarterstaff "Ziwkoih" {vorpal, rPois
                  | rF++ rC- Will+}
130559 | Vaults:5 | Identified the +11 trident of the Saving Wolf {holy, Drain
                  | rElec Str+8}
130760 | Vaults:5 | Identified the Tome of Noxious Feathers
130781 | Vaults:5 | Reached XP level 26. HP: 187/209 MP: 39/39
131181 | Vaults:5 | Identified Hetsurur's Catalogue of Unstable Companions
131201 | Vaults:5 | Got a silver rune of Zot
131760 | Vaults:5 | Identified Zeotuc's Tome of Lightness
132593 | Vaults:5 | Identified the +9 falchion of Wanoasuf {vorpal, +Rage rN+
                  | Dex-2}
132813 | Depths:1 | Entered Level 1 of the Depths
134506 | Depths:1 | Found a gateway to Hell.
136751 | Depths:1 | Reached skill level 15 in Earth Magic
137578 | Depths:2 | Found a one-way gate leading to the halls of Pandemonium.
137580 | Depths:2 | You fall into a shaft and drop 1 floor!
137586 | Depths:3 | Reached skill level 1 in Summonings
138207 | Depths:3 | Gained mutation: You are clumsy. (Dex -2) [a neqoxec]
138363 | Depths:3 | Reached XP level 27. HP: 186/215 MP: 33/39
138625 | Depths:3 | Found a gateway to a ziggurat.
138947 | Depths:3 | Found Geheuxof's Book Shop.
138949 | Depths:3 | Found Xutoh's Magic Scroll Boutique.
139190 | Depths:3 | Found Kyegirih's Antique Armour Shop.
139198 | Depths:3 | Bought a scroll of silence for 127 gold pieces
139198 | Depths:3 | Bought a scroll of summoning for 161 gold pieces
139198 | Depths:3 | Bought a scroll of teleportation for 51 gold pieces
140405 | Depths:2 | Reached skill level 1 in Slings
141926 | Depths:1 | Learned a level 1 spell: Animate Skeleton
141926 | Depths:1 | Upgraded the game from 0.27-a0-1200-g94dc6ad4cf to
                  | 0.27-a0-1202-ge72e49191c
142559 | Depths:4 | You fall into a shaft and drop 1 floor!
142559 | Depths:5 | Entered Level 5 of the Depths
143776 | Depths:5 | Found a gate to the Realm of Zot.
144530 | Depths:5 | Found Pyciak's Weapon Shop.
144530 | Depths:5 | Found Wacoel's Armour Boutique.
147440 | Depths:4 | Noticed a dread lich
147452 | Depths:4 | Killed a dread lich
148911 | Depths:5 | Identified the +2 helmet of Kleptomania {Will+}
149058 | Depths:5 | Reached skill level 5 in Slings
149861 | Crypt:1  | Entered Level 1 of the Crypt
151907 | Orc:2    | Bought the ring "Gocleciny" {rC+ rN+ Will+ EV+4 Str-2} for
                  | 778 gold pieces
152694 | Crypt:1  | Reached skill level 15 in Dodging
153484 | Crypt:1  | Acquired Zonian's Disquisition on Weightlessness and Combat
                  | Magic
153562 | Crypt:1  | Reached skill level 5 in Armour
156697 | Crypt:2  | Found a runed translucent gate.
156697 | Crypt:2  | Found a runed translucent gate.
156697 | Crypt:2  | Found a runed translucent gate.
156698 | Crypt:2  | Noticed Kucw's ghost (adept GrFi)
156930 | Crypt:1  | Found a basalt altar of Yredelemnul.
157064 | Crypt:3  | Entered Level 3 of the Crypt
157331 | Crypt:3  | Reached skill level 15 in Maces & Flails
159143 | Crypt:3  | Found a basalt altar of Yredelemnul.
159175 | Crypt:3  | Noticed a dread lich
159188 | Crypt:3  | Killed a dread lich
159766 | Crypt:3  | Found a staircase to the Tomb.
160085 | Crypt:3  | Reached skill level 15 in Fire Magic
161204 | Slime:1  | Entered Level 1 of the Pits of Slime
161997 | Slime:5  | Entered Level 5 of the Pits of Slime
162002 | Slime:5  | Reached skill level 15 in Spellcasting
162823 | Slime:5  | Noticed the Royal Jelly
162831 | Slime:5  | Killed the Royal Jelly
163046 | Slime:5  | Gained mutation: Your body sometimes deteriorates upon
                  | taking damage. [a shining eye]
163047 | Slime:5  | Gained mutation: Armour fits poorly on your strangely
                  | shaped body. [a shining eye]
163050 | Slime:5  | Gained mutation: You are frail. (-10% HP) [a shining eye]
163050 | Slime:5  | Gained mutation: You are occasionally teleported next to
                  | monsters. [a shining eye]
163098 | Slime:5  | Identified the Compendium of Supportive Transformation
163131 | Slime:5  | Got a slimy rune of Zot
163132 | Slime:5  | Identified the ring of Icez {Will+ MP-9 Str+3 Slay+4 SInv}
163148 | Slime:5  | Identified the +3 morningstar of the Harvest {flame, rF+
                  | Str+4}
163892 | Slime:4  | Paralysed by a floating eye for 3 turns
163904 | Slime:4  | Paralysed by a floating eye for 2 turns
165264 | Zot:1    | Entered Level 1 of the Realm of Zot
165815 | D:10     | Lost mutation: You are frail. (-10% HP) [potion of
                  | mutation]
165815 | D:10     | Lost mutation: You have large cloven feet. [potion of
                  | mutation]
165815 | D:10     | Lost mutation: You are clumsy. (Dex -2) [potion of
                  | mutation]
165815 | D:10     | Gained mutation: Your flesh is heat resistant. (rF+)
                  | [potion of mutation]
165815 | D:10     | Gained mutation: You are clumsy. (Dex -2) [potion of
                  | mutation]
165816 | D:10     | Lost mutation: Armour fits poorly on your strangely shaped
                  | body. [potion of mutation]
165816 | D:10     | Lost mutation: Your flesh is heat resistant. (rF+) [potion
                  | of mutation]
165816 | D:10     | Gained mutation: You expend magic power (3 MP) to
                  | strengthen your wands. [potion of mutation]
165816 | D:10     | Lost mutation: You are clumsy. (Dex -2) [potion of
                  | mutation]
165816 | D:10     | Gained mutation: Your muscles are strong. (Str +2) [potion
                  | of mutation]
166075 | Lair:5   | Killed Helyuxif's ghost
166080 | Lair:5   | Lost mutation: Your body sometimes deteriorates upon taking
                  | damage. [potion of mutation]
166271 | Lair:5   | Lost mutation: Your system is resistant to poisons. (rPois)
                  | [potion of mutation]
166271 | Lair:5   | Lost mutation: You expend magic power (3 MP) to strengthen
                  | your wands. [potion of mutation]
166271 | Lair:5   | Gained mutation: You are partially covered in iridescent
                  | scales. (AC +2) [potion of mutation]
167003 | Zot:1    | Learned a level 8 spell: Ignition
170299 | Zot:2    | Identified the +2 robe of Faqoal {+Inv rC- rCorr Slay+4}
171489 | Crypt:2  | Lost mutation: You are partially covered in iridescent
                  | scales. (AC +2) [potion of mutation]
171489 | Crypt:2  | Lost mutation: You are occasionally teleported next to
                  | monsters. [potion of mutation]
171489 | Crypt:2  | Gained mutation: You are somewhat resistant to further
                  | mutation. [potion of mutation]
171489 | Crypt:2  | Gained mutation: You are agile. (Dex +2) [potion of
                  | mutation]
175441 | Zot:4    | Noticed an orb of fire
175545 | Zot:4    | Killed an orb of fire
175736 | Zot:4    | Noticed a dread lich
175743 | Zot:4    | Killed a dread lich
175752 | Zot:4    | Identified the +5 long sword of Taxation {chaos, Will++}
176130 | Zot:4    | Noticed an orb of fire
176138 | Zot:4    | Killed an orb of fire
177949 | Hell     | Entered the Vestibule of Hell
177949 | Hell     | Noticed Geryon
177955 | Hell     | Killed Geryon
180773 | Hell     | Found a gateway to the freezing wastes of Cocytus.
181308 | Hell     | Found a gateway to the decaying netherworld of Tartarus.
182019 | Hell     | Found a gateway to the ashen valley of Gehenna.
182147 | Hell     | Found a gateway to the Iron City of Dis.
182392 | Coc:1    | Entered Level 1 of Cocytus
182688 | Coc:2    | Learned a level 9 spell: Shatter
182702 | Coc:2    | Noticed a shard shrike
182704 | Coc:2    | Killed a shard shrike
182725 | Coc:2    | Noticed a shard shrike
182727 | Coc:2    | Killed a shard shrike
183039 | Coc:3    | Noticed a shard shrike
183040 | Coc:3    | Noticed a shard shrike
183050 | Coc:3    | Killed a shard shrike
183058 | Coc:3    | Killed a shard shrike
183246 | Coc:7    | Entered Level 7 of Cocytus
183833 | Coc:7    | Noticed a shard shrike
183841 | Coc:7    | Killed a shard shrike
184004 | Coc:7    | Noticed the Serpent of Hell
184019 | Coc:7    | Killed the Serpent of Hell
184441 | Coc:7    | Noticed a shard shrike
184447 | Coc:7    | Killed a shard shrike
184503 | Coc:7    | Noticed a shard shrike
184512 | Coc:7    | Killed a shard shrike
184866 | Coc:7    | Noticed a shard shrike
184870 | Coc:7    | Killed a shard shrike
185187 | Coc:7    | Identified the +0 troll leather armour of Facoza {rPois
                  | Regen+ Int+4}
185187 | Coc:7    | Noticed Antaeus
185381 | Coc:7    | Noticed a shard shrike
185381 | Coc:7    | Noticed a shard shrike
185381 | Coc:7    | Noticed a shard shrike
185381 | Coc:7    | Noticed a shard shrike
185390 | Coc:7    | Killed a shard shrike
185390 | Coc:7    | Killed a shard shrike
185390 | Coc:7    | Killed a shard shrike
185392 | Coc:7    | Killed a shard shrike
185604 | Coc:7    | Noticed a shard shrike
185607 | Coc:7    | Killed a shard shrike
185627 | Coc:7    | Noticed a shard shrike
185633 | Coc:7    | Killed a shard shrike
185779 | Coc:7    | Noticed a shard shrike
185782 | Coc:7    | Killed a shard shrike
185878 | Coc:7    | Noticed a shard shrike
185892 | Coc:7    | Killed a shard shrike
186198 | Coc:7    | Noticed a shard shrike
186200 | Coc:7    | Killed a shard shrike
186336 | Coc:7    | Noticed a shard shrike
186342 | Coc:7    | Killed a shard shrike
186692 | Coc:7    | Noticed a shard shrike
186697 | Coc:7    | Killed a shard shrike
186888 | Coc:7    | Noticed a shard shrike
186891 | Coc:7    | Killed a shard shrike
186942 | Coc:7    | Killed Antaeus
186965 | Coc:7    | Got an icy rune of Zot
187092 | Coc:7    | Noticed a shard shrike
187101 | Coc:7    | Killed a shard shrike
187660 | D:15     | Bought a potion of curing for 51 gold pieces
187660 | D:15     | Bought 2 potions of curing for 102 gold pieces
187695 | D:14     | You paid a toll of 17 potions of curing to enter a treasure
                  | trove
187696 | Trove    | Entered a treasure trove
187710 | Trove    | Identified the +4 scale mail of the Orb Guardian {rF+
                  | Stlth+}
187718 | Trove    | Identified the ring "Waidweaf" {EV+4 Stlth+}
187724 | Trove    | Identified the amulet "Yxzyigai" {Faith Dex+5}
188464 | Pan      | Entered Pandemonium
188840 | Pan      | Found a runed translucent door.
189509 | Pan      | Noticed Mesh the pandemonium lord
189526 | Pan      | Killed Mesh the pandemonium lord
190062 | Pan      | Learned a level 5 spell: Iskenderun's Battlesphere
190247 | Pan      | Found an exit through the horrors of the Abyss.
190335 | Pan      | Acquired a book of Spatial Translocations
191146 | Pan      | Upgraded the game from 0.27-a0-1202-ge72e49191c to
                  | 0.27-a0-1217-g8a41f320e8
191267 | Pan      | Identified the +8 rapier of the Badger {venom, rElec}
191282 | Pan      | Noticed Riux the pandemonium lord
191294 | Pan      | Killed Riux the pandemonium lord
191665 | Pan      | Reached skill level 1 in Staves
191665 | Pan      | Reached skill level 15 in Invocations
192085 | Pan      | Found an exit through the horrors of the Abyss.
193807 | Pan      | Reached skill level 5 in Throwing
194093 | Pan      | Noticed Erusaunk the pandemonium lord
194098 | Pan      | Killed Erusaunk the pandemonium lord
194099 | Pan      | Reached skill level 10 in Air Magic
194259 | Pan      | Identified the ring of Xom's Entertainment {rC+ rN+ Int+6
                  | Slay+3}
195000 | Pan      | Reached skill level 5 in Staves
196923 | Pan      | Entered the realm of Mnoleg.
196955 | Pan      | Gained mutation: Your spells are a little easier to cast,
                  | but a little less powerful. [a neqoxec]
197379 | Pan      | Noticed Mnoleg
197544 | Pan      | Lost mutation: You are agile. (Dex +2) [a cacodemon]
197549 | Pan      | HP: 2/219 [Mnoleg (19)]
197549 | Pan      | Annihilated by Mnoleg

Illustrated notes

Levels and vault maps discovered:
D:1:      sevenhm_arrival_forest_fort_small_3, layout_basic
D:2:      layout_basic, basic_altar, serial_corexii_hall,
          chequers_hall_statues_y, corexii_hall_statues_s, interstate_on_off,
          lexackson_kobold_supper, uniq_jessica, uniq_sigmund
D:3:      layout_rooms, kennysheep_ying_yang, chequers_ecumenical_altar_twisty
D:4:      layout_loops_corners, nicolae_tso_swordbearing_angel, serial_bayou,
          serial_bayou_shore_a, serial_bayou_pond_d, serial_bayou_lagoon_a,
          serial_bayou_pond_b, minmay_ruptured
D:5:      gammafunk_wand_slinger, layout_basic, cheibrodos_worm_habitat,
          makhleb_blood_cavern_becter, uniq_eustachio, uniq_menkaure
D:6:      layout_loops_ring, jmf_multi_god_temple2, lemuel_temple_firewalk_a,
          gammafunk_ghost_nasty_kobolds, serial_shops, nicolae_shop_waterfront,
          roderic_batcave, uniq_edmund, uniq_prince_ribbit1
D:7:      layout_rooms, kennysheep_mini
D:8:      layout_cave_pools, nicolae_overflow_crystal_walls,
          kiku_gazebo_garden_becter, lair_entry_dummy, enter_bailey_7,
          minmay_misc_feat_plants, minmay_hedge_maze, serial_bayou_pond_d,
          uniq_grum, uniq_maurice
D:9:      layout_stronghold, nicolae_ru_path_of_blood,
          overflow_temple_1_default, david_orc_4
D:10:     layout_rooms, nicolae_qazlal_scattered_showers,
          kennysheep_another_room, grunt_tough_drop, uniq_fannar, uniq_sonja,
          uniq_urug
D:11:     layout_grid_maze, portal_ice_cave_entry_pillars_2,
          minmay_misc_feat_doors, minivault_28, uniq_gastronok
D:12:     layout_roguey, serial_shops, nicolae_shop_trees,
          nicolae_shop_waterfront, nicolae_shop_window_shopping, shop
D:13:     layout_loops_ring, david_vaults_1, minmay_variable_closet
D:14:     layout_basic, serial_corexii_hall, corexii_hall_statues_x,
          chequers_hall_statues_corner_a, corexii_hall_statues_u,
          chequers_hall_statues_corner_a, corexii_hall_statues_l,
          corexii_hall_statues_l, good_gods_mini_temple,
          nicolae_trove_entry_path_of_doom
D:15:     grunt_enter_depths_hoard, layout_small_grid, serial_shops, shop,
          nicolae_shop_statue_plus, shop_fountains, shop_statue, shop,
          corexii_hall_statues_deadend
Lair:1:   layout_roguey, uniq_erica
Lair:2:   layout_hall_layers, dummy_spider_entry, gauntlet_entry_generic,
          minivault_23, serial_bayou_shore_b, lemuel_fruit_tree,
          lemuel_fruit_fields
Lair:3:   layout_big_grid, grunt_megastairs_5, lemuel_fruit_fields
Lair:4:   layout_long_grid, shoals_dummy_entry, beast_lair_carwin_10
Lair:5:   nzn_winding_woodlands_small [nzn_winding_woodlands_5x15_pockets,
          nzn_winding_woodlands_center_pierced_h,
          nzn_winding_woodlands_5x15_split_checker], layout_regular_city,
          hellmonk_ghost_happy_afterlife
Lair:6:   hangedman_lair_in_review, layout_long_grid,
          minmay_slime_entry_pillars, basic_altar, lemuel_oklob_altar,
          infiniplex_staircase_pool
Shoals:1: layout_shoals, ebering_ghost_reflecting_pool, uniq_louise
Shoals:2: layout_shoals, gammafunk_ghost_abyssal_escape
Shoals:3: layout_shoals, lemuel_centaur_altar, uniq_polyphemus, uniq_donald
Shoals:4: shoals_end_grunt_ice, layout_shoals, serial_shops, shop,
          nicolae_shoals_aquamancer_cove
Spider:1: layout_chambers, ebering_ghost_xom
Spider:2: layout_spider_delve, uniq_arachne
Spider:3: layout_spider_delve
Spider:4: grunt_spider_rune_island, hangedman_spider_tarantella_strand
Slime:1:  layout_caves
Slime:2:  nicolae_slime_jelly_donut, layout_caves
Slime:3:  layout_caves, cheibrodos_slime_lost_civilization_7
Slime:4:  layout_caves
Slime:5
Orc:1:    minmay_goldmine, layout_caves, serial_shops,
          nicolae_shop_competitors_out_of_business
Orc:2:    st_orc_mages, layout_caves, serial_shops, nicolae_shop_crystal
Elf:1:    minmay_elf_arrival_plus, layout_geoelf_octagon,
          gammafunk_ghost_fury_of_okawaru, portal_desolation_entry_garden,
          hangedman_elven_crosses_minicolossus, minmay_fountain_box,
          nicolae_elf_v_pinch
Elf:2:    layout_rooms, serial_shops, nicolae_shop_behind_doors, hex_large,
          hangedman_research_thanatology, uniq_agnes
Elf:3:    grunt_elf_hall_spiral, layout_onion_city
Vaults:1: v_pattern_2, v_misc_17, grunt_vaults_bifocal, vaults_room_pools,
          v_misc_18, v_misc_26, v_misc_19, dpeg_vaults_monster_box,
          nicolae_vaults_network_square, v_alt_pattern_3,
          vaults_dpeg_encased_lava, grunt_vaults_trifunnel, kb_rosetta,
          layout_vaults_omnibox
Vaults:2: hangedman_vaults_slice, nicolae_vaults_gold_heap,
          ontoclasm_vaults_spin, nicolae_vaults_shelves_hall, v_misc_17,
          v_misc_16, grunt_vaults_twisty, nicolae_vaults_shelves_hall,
          ontoclasm_vaults_claustrophobia, nicolae_vaults_border_crossing,
          nicolae_vaults_big_ls, hangedman_vaults_stretched_pinwheel,
          vaults_room_octagon, vaults_room_fours, layout_vaults_omnicross,
          serial_shops, nicolae_shop_crystal
Vaults:3: ontoclasm_vaults_idyll, vaults_room_octagon, vaults_room_ringed_pool,
          nicolae_vaults_circle_grid_b, vaults_dpeg_doors,
          hangedman_vaults_pinch, blue_anna_dwarven_crypt,
          ontoclasm_vaults_misaligned, grunt_vaults_hallway_long,
          nicolae_vaults_diagonal_hallway_8, nicolae_vaults_alarming,
          hangedman_vaults_impose, nicolae_vaults_little_squares_4,
          nicolae_vaults_little_squares_4, v_misc_13, layout_vaults_maze,
          uniq_saint_roka
Vaults:4: hangedman_vaults_stretched_pinwheel, vaults_dpeg_cross,
          vaults_dpeg_ring, v_pattern_1, v_misc_1, v_alt_pattern_1,
          nicolae_vaults_little_squares_1, v_misc_29, ontoclasm_vaults_chip,
          v_misc_33, layout_vaults_chaotic_city
Vaults:5: serial_shops
Crypt:1:  layout_misc_corridors, grunt_ministairs_8, item_on_display_a,
          grunt_crypt_arrival_webbed, grunt_megastairs_3, lemuel_upstairs_altar
Crypt:2:  layout_regular_city, ebering_ghost_rock_garden, grunt_megastairs_1
Crypt:3:  church_of_pain_bobbens, layout_chaotic_city,
          tomb_entry_sphere_bobbens, hex_tiny, minivault_27
Depths:1: layout_gridville, hellmouth_3, serial_co_window_serial,
          co_window_corner_a, co_window_paths_a, co_window_of_opportunity_a,
          co_window_paths_a, co_window_paths_a, co_window_unsneaky_path_a,
          co_window_corner_ca, co_window_2corner, co_window_corner_b,
          co_window_cross_2, co_window_2corner, co_window_paths_c,
          serial_bayou_shore_b
Depths:2: kennysheep_cluttered_fort, layout_small_grid,
          nicolae_abyss_entry_one_way_or_another, grunt_hell_entry_dis_grunt,
          pan_entry, chequers_serial_rivers_small_3, horrible_house_mu,
          minmay_staircase_windowed_small, firewood_loft
Depths:3: lemuel_flame_loot_2, layout_gridlike, enter_ziggurat_c,
          grunt_hell_entry_demonic_statue, grunt_pan_entry_sceptre,
          minmay_shop_star, infiniplex_staircase_zigzag_3
Depths:4: kennysheep_bubble_arena, layout_cave_shapes, grunt_pan_entry_zigzag,
          marbit_kobold_abyss_entry, hell_entry
Depths:5: evilmike_zot_entry_diamond, layout_basic, nicolae_water_bricks,
          hangedman_tar_grid_catacomb, minmay_shoptagon
Hell
Coc:1:    layout_ice_bergs
Coc:2:    layout_ice_bergs
Coc:3:    layout_ice_bergs
Coc:4:    layout_cocytus_water_paths
Coc:5:    layout_cocytus_water_paths
Coc:6:    layout_cocytus_water_paths
Coc:7:    coc_old
Zot:1:    layout_basic, grunt_megastairs_4
Zot:2:    layout_concentric_octagons
Zot:3:    layout_basic, st_small_dragon_hoard_2
Zot:4:    layout_twisted_circle, nzn_random_ring
Pan:      rand_demon_9, layout_cellular_growth, evilmike_mini_pan_corridor,
          layout_onion_city, rand_demon_4, layout_basic, mnoleg_st,
          layout_gridlike, pan_blood_fountain_small, nicolae_pan_mnolegish_3

Skill      XL: |  1  2  3  4  5  6  7  8  9 10 11 12 13 14 15 16 17 18 19 20 21 22 23 24 25 26 27 |
---------------+----------------------------------------------------------------------------------+-----
Fighting       | 1 2 3 4 5 6 7 8 9 10 12 14 15 16 17 18 | 18.6
Short Blades   | 1 2 3 |  3.7
Conjurations   | 5 6 7 8 9 10 11 12 13 14 | 14.7
Stealth        | 3 4 5 6 7 8 9 10 11 12 13 14 | 14.7
Invocations    | 1 2 3 4 5 6 7 8 9 10 11 12 13 14 16 | 16.3
Dodging        | 3 4 5 6 7 8 9 10 11 12 13 16 | 16.5
Spellcasting   | 3 4 5 6 7 8 9 10 11 12 21 | 21.0
Translocations | 1 2 3 4 5 6 7 |  7.1
Air Magic      | 1 2 3 4 5 6 7 11 | 11.1
Poison Magic   | 1 2 3 4 5 6 |  6.8
Evocations     | 1 2 4 5 6 7 8 9 10 11 12 13 | 13.4
Maces & Flails | 1 2 3 4 5 6 7 8 9 10 11 12 13 22 | 22.3
Armour         | 1 2 7 |  7.8
Fire Magic     | 2 3 4 5 6 7 8 9 10 11 12 17 | 17.1
Earth Magic    | 2 3 4 5 6 7 8 9 10 11 12 15 22 | 22.5
Throwing       | 2 3 7 |  7.6
Ice Magic      | 3 |  3.9
Summonings     | 3 |  3.5
Slings         | 5 |  5.4
Staves         | 5 |  5.0

Action                   |  1- 3 |  4- 6 |  7- 9 | 10-12 | 13-15 | 16-18 | 19-21 | 22-24 | 25-27 || total
-------------------------+-------+-------+-------+-------+-------+-------+-------+-------+-------++-------
Melee: Unarmed           |    11 |       |       |       |     5 |       |       |       |       ||    16
       Dagger            |     2 |    16 |    89 |       |       |       |       |       |       ||   107
       Flail             |       |       |    39 |   159 |   346 |    71 |     1 |       |       ||   616
       Staff             |       |       |       |       |       |   295 |   137 |   101 |  1552 ||  2085
       Great mace        |       |       |       |       |       |   199 |   312 |   417 |  1999 ||  2927
 Fire: Hunting sling     |       |       |       |       |       |    19 |       |    26 |   211 ||   256
Throw: Boomerang         |       |       |       |     5 |     1 |    10 |       |       |       ||    16
       Dart              |       |       |       |       |     4 |     7 |     2 |     1 |       ||    14
       Javelin           |       |       |       |       |       |     4 |       |     2 |    62 ||    68
 Cast: Magic Dart        |    61 |    74 |   131 |   145 |   184 |   406 |   439 |    46 |       ||  1486
       Searing Ray       |       |     2 |    26 |    48 |    50 |    73 |    29 |     8 |       ||   236
       Blink             |       |       |       |    16 |     4 |    15 |     2 |    10 |     5 ||    52
       Mephitic Cloud    |       |       |       |     6 |    13 |    37 |    22 |    41 |    13 ||   132
       Iskenderun's Myst |       |       |       |     8 |    33 |    64 |    60 |    64 |   277 ||   506
       Dazzling Flash    |       |       |       |     1 |     2 |     4 |     1 |     3 |     3 ||    14
       Conjure Flame     |       |       |       |       |     3 |       |       |       |       ||     3
       Bolt of Magma     |       |       |       |       |     8 |   139 |   104 |    42 |   122 ||   415
       Spider Form       |       |       |       |       |     1 |       |       |       |       ||     1
       Iron Shot         |       |       |       |       |       |    36 |    79 |    93 |   345 ||   553
       Ignite Poison     |       |       |       |       |       |     5 |     8 |    23 |     3 ||    39
       Fireball          |       |       |       |       |       |       |    40 |    57 |   227 ||   324
       Conjure Ball Ligh |       |       |       |       |       |       |       |     9 |    11 ||    20
       Ozocubu's Armour  |       |       |       |       |       |       |       |     3 |     9 ||    12
       Airstrike         |       |       |       |       |       |       |       |       |   355 ||   355
       Ignition          |       |       |       |       |       |       |       |       |    22 ||    22
       Shatter           |       |       |       |       |       |       |       |       |     6 ||     6
       Iskenderun's Batt |       |       |       |       |       |       |       |       |     2 ||     2
Invok: Bend Time         |       |       |     1 |     5 |    11 |     7 |     2 |     1 |     7 ||    34
       Temporal Distorti |       |       |       |     2 |     3 |     1 |       |       |       ||     6
       Slouch            |       |       |       |       |     3 |     8 |     9 |     3 |    24 ||    47
       Step From Time    |       |       |       |       |       |       |     3 |       |     2 ||     5
Evoke: Wand              |       |       |       |    20 |    40 |    51 |    53 |    27 |    95 ||   286
       Condenser vane    |       |       |       |       |     2 |     2 |     1 |       |     3 ||     8
       Tin of tremorston |       |       |       |       |       |     5 |     2 |     3 |     6 ||    16
       Lightning rod     |       |       |       |       |       |    11 |    11 |     6 |    11 ||    39
       Box of beasts     |       |       |       |       |       |     2 |     1 |       |       ||     3
       Horn of Geryon    |       |       |       |       |       |       |       |       |     1 ||     1
  Use: Scroll            |       |     7 |    10 |    13 |     4 |    16 |    11 |    11 |    18 ||    90
       Potion            |       |       |       |     6 |     4 |     6 |    13 |     7 |    23 ||    59
 Stab: Sleeping          |     1 |     1 |     2 |       |     2 |    10 |     4 |    12 |    33 ||    65
       Confused          |       |       |       |     6 |     3 |    21 |     8 |    12 |    17 ||    67
       Paralysed         |       |       |       |     1 |       |       |       |       |       ||     1
       Distracted        |       |       |       |       |     3 |     5 |     6 |    18 |   101 ||   133
       Invisible         |       |       |       |       |     1 |       |     1 |     2 |       ||     4
       Petrified         |       |       |       |       |       |       |     3 |       |       ||     3
Armor: Robe              |     2 |       |       |       |       |       |     1 |   128 |   637 ||   768
       Leather armour    |       |    12 |    41 |    72 |   148 |    93 |       |       |       ||   366
       Ring mail         |       |       |       |       |       |   291 |   320 |    38 |       ||   649
Dodge: Dodged            |    27 |    11 |   132 |   305 |   634 |  1006 |   976 |   558 |  4900 ||  8549
Block: Other             |       |       |       |       |       |   222 |   243 |   119 |   783 ||  1367
       Reflection        |       |       |       |       |       |    12 |    71 |     5 |    10 ||    98

Table legend: (Time is in decaauts)
 A = Elapsed time spent in this place.
 B = Non-inter-level travel time spent in this place.
 C = Inter-level travel time spent in this place.
 D = Time resting spent in this place.
 E = Time spent auto-exploring this place.
 F = Levels seen in this place.
 G = Mean time per level.
                   A        B        C        D        E       F      G
               +--------+--------+--------+--------+--------+-----+--------+
         Total | 254363 | 226442 |  27921 | 119011 |  59779 |  72 | 3532.8 |
       Dungeon |  53407 |  42414 |  10993 |  21338 |  16062 |  15 | 3560.5 |
          Lair |  28999 |  26416 |   2583 |  14983 |   6641 |   6 | 4833.2 |
        Shoals |  13867 |  13110 |    757 |   7614 |   1508 |   4 | 3466.8 |
   Spider Nest |  18235 |  17832 |    403 |  10858 |   4639 |   4 | 4558.8 |
    Slime Pits |   4252 |   4252 |      0 |   2117 |      0 |   5 |  850.4 |
  Orcish Mines |   8748 |   7570 |   1178 |   4223 |   2040 |   2 | 4374.0 |
   Elven Halls |  18352 |  17773 |    579 |  10395 |   2852 |   3 | 6117.3 |
        Vaults |  33210 |  28021 |   5189 |  15620 |   8263 |   5 | 6642.0 |
         Crypt |  12980 |  11510 |   1470 |   6051 |   3405 |   3 | 4326.7 |
        Depths |  26219 |  22359 |   3860 |  12105 |   5761 |   5 | 5243.8 |
          Hell |   2444 |   2409 |     35 |   1039 |    592 |   1 | 2444.0 |
       Cocytus |   6494 |   6165 |    329 |   1968 |      0 |   7 |  927.7 |
           Zot |  12739 |  12199 |    540 |   5657 |   4713 |   4 | 3184.8 |
         Abyss |   2452 |   2452 |      0 |    858 |    302 |   3 |  817.3 |
   Pandemonium |  11677 |  11677 |      0 |   4181 |   2997 |   4 | 2919.2 |
         Trove |    281 |    281 |      0 |      0 |      0 |   1 |  281.0 |
               +--------+--------+--------+--------+--------+-----+--------+

Top non-repeatable levels by time:
Vaults:4: 12334 daAuts
   Elf:3: 7995 daAuts
  Lair:4: 7465 daAuts
Depths:2: 7290 daAuts
Vaults:1: 7002 daAuts
   Orc:2: 6274 daAuts
   Elf:1: 6267 daAuts
  Lair:5: 5893 daAuts
Depths:1: 5744 daAuts
  Lair:6: 5738 daAuts
Spider:1: 5719 daAuts
Depths:5: 5628 daAuts
    D:14: 5488 daAuts
   Coc:7: 5268 daAuts
Spider:4: 5140 daAuts
